TOP OF THE 1ST |
UCLA Bruins batting - Pitching for Rice University Owls : RHP Manny Herrera
|
Pitching: RHP Manny Herrera
|
|
Batting: LHB Luis Ortegon
|
0-0: Ball 1-0: Foul Ball, location: 2F 1-1: SINGLE (Line Drive, 4D, EV 97.5 MPH)
|
Batting: SHB Dan Trainer
|
0-0: Foul Ball, location: 2F 0-1: Ball 1-1: Ball 2-1: Ball 3-1: Called Strike 3-2: Ground out 4-3 (Groundball, 4, EV 93.8 MPH) Luis Ortegon to second
|
Batting: RHB Issac Konol
|
0-0: Ball 1-0: Swinging Strike 1-1: Ball 2-1: Foul Ball, location: 2F 2-2: Fly out, F7 (Line Drive, 78M, EV 103.1 MPH)
|
Batting: SHB Sean Munns
|
0-0: Ball 1-0: Ball 2-0: Called Strike 2-1: Called Strike 2-2: Strikes out looking
|
Top of the 1st over - 0 runs, 1 hit, 0 errors, 1 left on base; UCLA 0 - Rice University 0 |
BOTTOM OF THE 1ST |
Rice University Owls batting - Pitching for UCLA Bruins : RHP Kyle Mann
|
Pitching: RHP Kyle Mann
|
|
Batting: RHB Caleb Mercer
|
0-0: Called Strike 0-1: Ground out 5-3 (Groundball, 5, EV 90.0 MPH)
|
Batting: RHB Javier Quinones
|
0-0: Foul Ball, location: 2F 0-1: Ball 1-1: Ground out 5-3 (Groundball, 5, EV 107.5 MPH)
|
Batting: RHB Jose Soto
|
0-0: Foul Ball, location: 2F 0-1: Ball 1-1: SINGLE (Line Drive, 9S, EV 106.9 MPH)
|
Batting: SHB Ken Wilson
|
0-0: Called Strike 0-1: Swinging Strike 0-2: 2-RUN HOME RUN (Flyball, 9LD, EV 95.6 MPH), Distance : 351 ft
|
Batting: RHB Neil Worth
|
0-0: Fly out, F3 (Popup, 3F, EV 75.0 MPH)
|
Bottom of the 1st over - 2 runs, 2 hits, 0 errors, 0 left on base; UCLA 0 - Rice University 2 |
TOP OF THE 2ND |
UCLA Bruins batting - Pitching for Rice University Owls : RHP Manny Herrera
|
Batting: LHB Scott Mullett
|
0-0: Ball 1-0: Ball 2-0: Called Strike 2-1: Foul Ball, location: 2F 2-2: Foul Ball, location: 2F 2-2: Strikes out swinging
|
Batting: LHB Mark Cummings
|
0-0: Foul Ball, location: 2F 0-1: Ball 1-1: Swinging Strike 1-2: Strikes out looking
|
Batting: RHB Dave Spradley
|
0-0: Ball 1-0: Ball 2-0: Called Strike 2-1: Ball 3-1: Swinging Strike 3-2: Foul Ball, location: 2F 3-2: Strikes out swinging
|
Top of the 2nd over - 0 runs, 0 hits, 0 errors, 0 left on base; UCLA 0 - Rice University 2 |
BOTTOM OF THE 2ND |
Rice University Owls batting - Pitching for UCLA Bruins : RHP Kyle Mann
|
Batting: LHB Chris Gonzales
|
0-0: Ball 1-0: Foul Ball, location: 2F 1-1: Foul Ball, location: 2F 1-2: Strikes out swinging
|
Batting: RHB Alex Alvarez
|
0-0: Called Strike 0-1: Foul Ball, location: 2F 0-2: Ground out 4-3 (Groundball, 4MS, EV 82.5 MPH)
|
Batting: RHB Bill Turcotte
|
0-0: Called Strike 0-1: Swinging Strike 0-2: Ball 1-2: Strikes out swinging
|
Bottom of the 2nd over - 0 runs, 0 hits, 0 errors, 0 left on base; UCLA 0 - Rice University 2 |
TOP OF THE 3RD |
UCLA Bruins batting - Pitching for Rice University Owls : RHP Manny Herrera
|
Batting: RHB Alejandro Patron
|
0-0: Called Strike 0-1: Foul Ball, location: 2F 0-2: Foul Ball, location: 2F 0-2: Ball 1-2: Ball 2-2: Ball 3-2: Ground out 6-3 (Groundball, 6, EV 84.4 MPH)
|
Batting: RHB Michael Alvarado
|
0-0: Ball 1-0: Foul Ball, location: 2F 1-1: Fly out, F7 (Line Drive, 7, EV 107.5 MPH)
|
Batting: LHB Luis Ortegon
|
0-0: Ground out 3-1 (Groundball, 13, EV 85.0 MPH)
|
Top of the 3rd over - 0 runs, 0 hits, 0 errors, 0 left on base; UCLA 0 - Rice University 2 |
BOTTOM OF THE 3RD |
Rice University Owls batting - Pitching for UCLA Bruins : RHP Kyle Mann
|
Batting: RHB Allen Jarvis
|
0-0: Called Strike 0-1: Ground out 4-3 (Groundball, 4, EV 95.6 MPH)
|
Batting: RHB Caleb Mercer
|
0-0: Called Strike 0-1: Ball 1-1: Ball 2-1: DOUBLE (Flyball, 8RD, EV 82.5 MPH)
|
Batting: RHB Javier Quinones
|
0-0: Called Strike 0-1: Foul Ball, location: 2F 0-2: Strikes out swinging
|
Batting: RHB Jose Soto
|
0-0: Called Strike 0-1: Foul Ball, location: 2F 0-2: Ball 1-2: Ball 2-2: Foul Ball, location: 2F 2-2: Foul Ball, location: 2F 2-2: Foul Ball, location: 2F 2-2: 2-RUN HOME RUN (Flyball, 78XD, EV 106.2 MPH), Distance : 415 ft
|
Batting: SHB Ken Wilson
|
0-0: Called Strike 0-1: Called Strike 0-2: Ball 1-2: DOUBLE (Line Drive, 78D, EV 103.1 MPH)
|
Batting: RHB Neil Worth
|
0-0: Called Strike 0-1: Foul Ball, location: 2F 0-2: Ball 1-2: Ground out 5-3 (Groundball, 56, EV 97.5 MPH)
|
Bottom of the 3rd over - 2 runs, 3 hits, 0 errors, 1 left on base; UCLA 0 - Rice University 4 |
TOP OF THE 4TH |
UCLA Bruins batting - Pitching for Rice University Owls : RHP Manny Herrera
|
Batting: SHB Dan Trainer
|
0-0: Ball 1-0: Ball 2-0: Swinging Strike 2-1: Called Strike 2-2: Foul Ball, location: 2F 2-2: Foul Ball, location: 2F 2-2: Foul Ball, location: 2F 2-2: Foul Ball, location: 2F 2-2: Ball 3-2: Foul Ball, location: 2F 3-2: Foul Ball, location: 2F 3-2: Foul Ball, location: 2F 3-2: Base on Balls
|
Batting: RHB Issac Konol
|
0-0: Called Strike Dan Trainer steals 2nd base 0-1: SINGLE (Groundball, 34D, EV 108.8 MPH) Dan Trainer to third Runner from 3rd tries for Home, SAFE, throw by RF to home
|
Batting: SHB Sean Munns
|
0-0: Called Strike 0-1: Swinging Strike 0-2: Strikes out swinging
|
Batting: LHB Scott Mullett
|
0-0: Fly out, F7 (Flyball, 7, EV 82.5 MPH)
|
Batting: LHB Mark Cummings
|
0-0: Fielders Choice at 2nd, 6-4 (Groundball, 6, EV 98.1 MPH)
|
Top of the 4th over - 1 run, 1 hit, 0 errors, 1 left on base; UCLA 1 - Rice University 4 |
BOTTOM OF THE 4TH |
Rice University Owls batting - Pitching for UCLA Bruins : RHP Kyle Mann
|
Batting: LHB Chris Gonzales
|
0-0: Ball 1-0: Ball 2-0: Ball 3-0: Base on Balls
|
Batting: RHB Alex Alvarez
|
0-0: Called Strike Chris Gonzales steals 2nd base 0-1: Called Strike 0-2: Ball 1-2: Foul Ball, location: 2F 1-2: Ball 2-2: Ground out 4-3 (Groundball, 4, EV 110.0 MPH) Chris Gonzales to third
|
Batting: RHB Bill Turcotte
|
0-0: Called Strike 0-1: Foul Ball, location: 2F 0-2: Foul Ball, location: 2F 0-2: Strikes out looking
|
Batting: RHB Allen Jarvis
|
0-0: Swinging Strike 0-1: Fly out, F8 (Flyball, 8RXD, EV 109.4 MPH)
|
Bottom of the 4th over - 0 runs, 0 hits, 0 errors, 1 left on base; UCLA 1 - Rice University 4 |
TOP OF THE 5TH |
UCLA Bruins batting - Pitching for Rice University Owls : RHP Manny Herrera
|
Batting: RHB Dave Spradley
|
0-0: Called Strike 0-1: Swinging Strike 0-2: Strikes out looking
|
Batting: RHB Alejandro Patron
|
0-0: Ball 1-0: SOLO HOME RUN (Flyball, 78XD, EV 100.6 MPH), Distance : 426 ft
|
Batting: RHB Michael Alvarado
|
0-0: Fly out, F9 (Flyball, 9, EV 89.4 MPH)
|
Batting: LHB Luis Ortegon
|
0-0: Ball 1-0: Ball 2-0: SINGLE (Groundball, 13S, EV 71.2 MPH) (infield hit)
|
Batting: SHB Dan Trainer
|
0-0: Ball 1-0: Ground out 4-3 (Groundball, 4, EV 88.1 MPH)
|
Top of the 5th over - 1 run, 2 hits, 0 errors, 1 left on base; UCLA 2 - Rice University 4 |
BOTTOM OF THE 5TH |
Rice University Owls batting - Pitching for UCLA Bruins : RHP Kyle Mann
|
Batting: RHB Caleb Mercer
|
0-0: SINGLE (Line Drive, 4M, EV 95.6 MPH)
|
Batting: RHB Javier Quinones
|
0-0: Called Strike Caleb Mercer steals 2nd base 0-1: Ground out 6-3 (Groundball, 6, EV 86.9 MPH) Caleb Mercer to third
|
Batting: RHB Jose Soto
|
0-0: Called Strike 0-1: Swinging Strike 0-2: Ball 1-2: Foul Ball, location: 2F 1-2: Strikes out swinging
|
Batting: SHB Ken Wilson
|
0-0: Ball 1-0: Foul Ball, location: 2F 1-1: Ball 2-1: Foul Ball, location: 2F 2-2: Foul Ball, location: 2F 2-2: Strikes out swinging
|
Bottom of the 5th over - 0 runs, 1 hit, 0 errors, 1 left on base; UCLA 2 - Rice University 4 |
TOP OF THE 6TH |
UCLA Bruins batting - Pitching for Rice University Owls : RHP Manny Herrera
|
Batting: RHB Issac Konol
|
0-0: Ball 1-0: Fly out, F9 (Line Drive, 9S, EV 90.6 MPH)
|
Pitching: LHP Joe Fleury
|
|
Batting: SHB Sean Munns
|
0-0: Fly out, F9 (Line Drive, 89M, EV 108.8 MPH)
|
Batting: LHB Scott Mullett
|
0-0: Ball 1-0: SINGLE (Line Drive, 7S, EV 90.0 MPH)
|
Batting: LHB Mark Cummings
|
0-0: Foul Ball, location: 5F, Error on foul ball, E5 0-1: Called Strike 0-2: Foul Ball, location: 2F 0-2: Ball 1-2: Strikes out looking
|
Top of the 6th over - 0 runs, 1 hit, 1 error, 1 left on base; UCLA 2 - Rice University 4 |
BOTTOM OF THE 6TH |
Rice University Owls batting - Pitching for UCLA Bruins : RHP Kyle Mann
|
Batting: RHB Neil Worth
|
0-0: Fly out, F4 (Popup, 4S, EV 71.2 MPH)
|
Batting: LHB Chris Gonzales
|
0-0: Ball 1-0: Foul Ball, location: 2F 1-1: Ball 2-1: Foul Ball, location: 2F 2-2: Ball 3-2: Strikes out swinging
|
Batting: RHB Alex Alvarez
|
0-0: Called Strike 0-1: DOUBLE (Line Drive, 78D, EV 103.8 MPH)
|
Pitching: RHP Quincy Bowen
|
|
Batting: RHB Bill Turcotte
|
0-0: Called Strike 0-1: Ball 1-1: Ball 2-1: SINGLE (Groundball, 4D, EV 105.6 MPH) Alex Alvarez to third Runner from 3rd tries for Home, SAFE, throw by CF to home
|
Batting: RHB Allen Jarvis
|
0-0: Called Strike 0-1: Ball Wild Pitch! Bill Turcotte to second 1-1: Fly out, F8 (Flyball, 8RM, EV 93.1 MPH)
|
Bottom of the 6th over - 1 run, 2 hits, 0 errors, 1 left on base; UCLA 2 - Rice University 5 |
TOP OF THE 7TH |
UCLA Bruins batting - Pitching for Rice University Owls : LHP Joe Fleury
|
Pitching: RHP Michael Benford
|
|
Batting: RHB Dave Spradley
|
0-0: Ball 1-0: Called Strike 1-1: SOLO HOME RUN (Flyball, 7D, EV 96.9 MPH), Distance : 381 ft
|
Batting: RHB Alejandro Patron
|
0-0: Ball 1-0: Ball 2-0: Ground out 6-3 (Groundball, 6, EV 84.4 MPH)
|
Batting: RHB Michael Alvarado
|
0-0: Swinging Strike 0-1: Ball 1-1: Ball 2-1: Ball 3-1: Fly out, F3 (Popup, 3F, EV 54.4 MPH)
|
Batting: LHB Luis Ortegon
|
0-0: Ball 1-0: Foul Ball, location: 2F 1-1: Swinging Strike 1-2: Foul Ball, location: 2F 1-2: SINGLE (Line Drive, 8LS, EV 90.0 MPH)
|
Batting: SHB Dan Trainer
|
0-0: Ball 1-0: Ball 2-0: Swinging Strike 2-1: Foul Ball, location: 2F 2-2: Ball 3-2: Ground out 1-3 (Groundball, 13, EV 61.9 MPH)
|
Top of the 7th over - 1 run, 2 hits, 0 errors, 1 left on base; UCLA 3 - Rice University 5 |
BOTTOM OF THE 7TH |
Rice University Owls batting - Pitching for UCLA Bruins : RHP Quincy Bowen
|
Pitching: LHP Kenny Coolbaugh
|
|
Batting: RHB Caleb Mercer
|
0-0: Ball 1-0: Called Strike 1-1: Ground out 6-3 (Groundball, 56, EV 89.4 MPH)
|
Batting: RHB Javier Quinones
|
0-0: Ball 1-0: Ball 2-0: Foul Ball, location: 2F 2-1: Ball 3-1: Base on Balls
|
Batting: RHB Jose Soto
|
0-0: Swinging Strike 0-1: Fly out, F8 (Flyball, 89D, EV 85.0 MPH)
|
Batting: SHB Ken Wilson
|
0-0: Ball 1-0: Ball 2-0: Ball 3-0: Base on Balls Javier Quinones to second
|
Batting: RHB Neil Worth
|
0-0: Ball 1-0: Called Strike 1-1: Foul Ball, location: 2F 1-2: Strikes out swinging
|
Bottom of the 7th over - 0 runs, 0 hits, 0 errors, 2 left on base; UCLA 3 - Rice University 5 |
TOP OF THE 8TH |
UCLA Bruins batting - Pitching for Rice University Owls : RHP Michael Benford
|
Pitching: LHP Shan Ping
|
|
Batting: RHB Issac Konol
|
0-0: Swinging Strike 0-1: Foul Ball, location: 2F 0-2: Fly out, F4 (Line Drive, 4, EV 69.4 MPH)
|
Batting: SHB Sean Munns
|
0-0: Called Strike 0-1: Fly out, F9 (Flyball, 89S, EV 90.6 MPH)
|
Batting: LHB Scott Mullett
|
0-0: Called Strike 0-1: Ball 1-1: Foul Ball, location: 2F 1-2: Ground out U3 (Groundball, 3, EV 79.4 MPH)
|
Top of the 8th over - 0 runs, 0 hits, 0 errors, 0 left on base; UCLA 3 - Rice University 5 |
BOTTOM OF THE 8TH |
Rice University Owls batting - Pitching for UCLA Bruins : LHP Kenny Coolbaugh
|
Pitching: RHP Luis de Jesus
|
|
Batting: LHB Chris Gonzales
|
0-0: Ground out U3 (Groundball, 3S, EV 80.6 MPH)
|
Batting: RHB Alex Alvarez
|
0-0: Called Strike 0-1: Swinging Strike 0-2: Fly out, F8 (Flyball, 8RXD, EV 83.1 MPH)
|
Batting: RHB Bill Turcotte
|
0-0: Called Strike 0-1: Ball 1-1: Ball 2-1: Called Strike 2-2: Strikes out looking
|
Bottom of the 8th over - 0 runs, 0 hits, 0 errors, 0 left on base; UCLA 3 - Rice University 5 |
TOP OF THE 9TH |
UCLA Bruins batting - Pitching for Rice University Owls : LHP Shan Ping
|
Now at 1B: Wendel van Baal
|
|
Now at 3B: Emanuel Pulido
|
|
Batting: LHB Mark Cummings
|
0-0: Ball 1-0: Foul Ball, location: 2F 1-1: Ball 2-1: Foul Ball, location: 2F 2-2: Strikes out swinging
|
Batting: RHB Dave Spradley
|
0-0: Ball 1-0: Foul Ball, location: 2F 1-1: Fly out, F8 (Flyball, 8RD, EV 91.9 MPH)
|
Batting: RHB Alejandro Patron
|
0-0: Called Strike 0-1: Ball 1-1: SINGLE (Line Drive, 78S, EV 95.0 MPH)
|
Batting: RHB Michael Alvarado
|
0-0: Ball 1-0: Ground out 5-3 (Groundball, 56S, EV 90.6 MPH)
|
Top of the 9th over - 0 runs, 1 hit, 0 errors, 1 left on base; UCLA 3 - Rice University 5 |
|